 Dungeon Crawl Stone Soup version 0.21.0-3-g78d12a8bdd (webtiles) character file.

8648 KamiKatze the Slicer (level 11, -1/58 HPs)
             Began as a Vine Stalker Fighter on Jan 9, 2018.
             Was a Follower of Uskayaw.
             Slain by an ogre
             ... wielding a +0 giant club
              (20 damage)
             ... on level 10 of the Dungeon.
             The game lasted 00:29:28 (8104 turns).

KamiKatze the Slicer (Vine Stalker Fighter)         Turns: 8104, Time: 00:29:29

Health: -1/58      AC: 11    Str: 21    XL:     11   Next: 34%
Magic:  0/15       EV: 10    Int:  8    God:    Uskayaw [*.....]
Gold:   581        SH: 15    Dex: 15    Spells: 10/10 levels left

rFire    . . .     SeeInvis .   a - +4 short sword (speed)
rCold    . . .     Gourm    .   c - +1 shield
rNeg     . . .     Faith    .   x - +3 scale mail
rPois    +         Spirit   +   (no helmet)
rElec    .         Reflect  +   (no cloak)
rCorr    .         Harm     .   (no gloves)
MR       ++...                  (no boots)
Stlth    ..........             t - +3 amulet of reflection
HPRegen  0.59/turn              h - ring of protection from magic
MPRegen  0.14/turn              d - ring of poison resistance

@: no status effects
A: fangs 3, regeneration 1, magic shield, antimagic bite, no potion heal 3, rot
immunity
a: Stomp, Renounce Religion


You were on level 10 of the Dungeon.
You worshipped Uskayaw.
Uskayaw was noncommittal.
You were hungry.

You visited 2 branches of the dungeon, and saw 11 of its levels.

You collected 581 gold pieces.

Inventory:

Hand Weapons
 a - a +4 short sword of speed (weapon)
 b - a +3 short sword of venom
 q - a +1 dagger of holy wrath
 w - a +0 rapier
Missiles
 j - 255 stones
 m - 2 tomahawks of returning
 D - a throwing net (quivered)
 I - 4 silver tomahawks
Armour
 c - a +1 shield (worn)
 x - a +3 scale mail (worn)
 C - a +0 chain mail
 G - a +0 chain mail
 J - a +0 plate armour
Jewellery
 d - a ring of poison resistance (right hand)
 g - an uncursed ring of protection from cold
 h - a ring of protection from magic (left hand)
 t - a +3 amulet of reflection (around neck)
 A - an uncursed amulet of magic regeneration
 B - an uncursed ring of protection from cold
Wands
 E - a wand of flame (37)
 F - a wand of disintegration (16)
 H - a wand of iceblast (6)
 M - a wand of enslavement (7)
Scrolls
 i - 6 scrolls of identify
 k - 5 scrolls of remove curse
 o - 2 scrolls of teleportation
 p - 2 scrolls of amnesia
 v - 2 scrolls of enchant weapon
 y - a scroll of enchant armour
 L - a scroll of silence {unknown}
Potions
 e - 3 potions of brilliance
 l - a potion of flight
 r - a potion of cancellation
 s - 3 potions of magic
 u - 5 potions of curing
 z - a potion of resistance
Books
 n - a book of Cantrips

   Spells                             Type                      Level
   a - Confusing Touch                Hexes                        1
   b - Animate Skeleton               Necromancy                   1
   c - Summon Small Mammal            Summoning                    1
   d - Apportation                    Translocation                1
Comestibles
 f - 28 rations


   Skills:
 + Level 6.6 Fighting
 * Level 8.8 Short Blades
 * Level 8.4 Armour
 + Level 3.3 Dodging
 + Level 6.5 Shields
 + Level 4.2 Invocations


You had 10 spell levels left.
You didn't know any spells.

Dungeon Overview and Level Annotations

Branches:
Dungeon (10/15)            Temple (1/1) D:6
   Lair: D:8-11         Orc: D:9-12

Altars:
Ashenzari
Cheibriados
Dithmenos
Elyvilon
Fedhas
Gozag
Hepliaklqana
Kikubaaqudgha
Makhleb
Nemelex Xobeh
Okawaru
Qazlal
Ru
Sif Muna
Trog
Uskayaw
Vehumet
Wu Jian
Xom
Yredelemnul
Zin
The Shining One

Shops:
D:5 (   D:6 :

Annotations:
D:10 Snorg


Innate Abilities, Weirdness & Mutations

You have razor-sharp teeth.
Your natural rate of healing is unusually fast.
When hurt, damage is shared between your health and your magic reserves.
Your bite disrupts and absorbs the magic of your enemies.
Potions cannot restore your health.
You are immune to rotting.


Message History

The electric eel shoots out a bolt of lightning at you!
The bolt of electricity misses you.
The electric eel shoots out a bolt of lightning at you!
The bolt of electricity hits you!
The electric eel shoots out a bolt of lightning at you!
The bolt of electricity hits you!
The electric eel shoots out a bolt of lightning at you!
The bolt of electricity hits you!
The electric eel shoots out a bolt of lightning at you!
The bolt of electricity hits you!
The electric eel shoots out a bolt of lightning at you!
The bolt of electricity hits you!
There is an open door here.
You see here a soldier ant corpse.
The electric eel shoots out a bolt of lightning at you!
The bolt of electricity hits you!
* * * LOW HITPOINT WARNING * * *
There is a stone staircase leading up here.
The ogre hits you with a giant club!!
You die...

.....# ######## .....# #......#
.....# #......####### .....#
#............# .....#
#.....####'#.##########
.....###.....#....#..........####
.............#....†Z.............
.............#...O#...n..........
.............#.†@.#.≈≈≈≈≈≈≈≈.....
#####..8.....#....#≈≈≈≈≈;≈≈≈≈....
# #........#####≈≈≈######≈≈≈... #
#.............≈≈### ##≈≈... #
#####.........≈≈##o #≈≈...
##########........≈≈# s #≈≈''#
..................≈≈# #≈≈...
....)............#≈≈#
.........########.≈≈##


You could see an ogre and an adder zombie.

Vanquished Creatures
  2 two-headed ogres (D:9)
  The ghost of Necrophagist the Magician, a novice GnSk of Okawaru (D:8)
  A skeletal warrior (D:9)
  A meliai zombie (D:10)
  A hippogriff (D:7)
  A yak (D:9)
  A basilisk (D:9)
  A wyvern (D:9)
  A hungry ghost (D:8)
  Grum (D:8)
  A soldier ant (D:10)
  Edmund (D:5)
  Duvessa (D:3)
  A water moccasin (D:9)
  3 orc warriors
  2 sky beasts
  4 ice beasts
  2 phantoms (D:7)
  A black bear (D:8)
  6 ogres
  2 necrophages
  2 wolves (D:8)
  3 big kobolds
  4 bullfrogs
  A gnoll sergeant (D:9)
  Dowan (D:3)
  A scorpion (D:7)
  11 killer bees
  4 wights
  A crimson imp (D:7)
  4 howler monkeys
  A bullfrog zombie (D:6)
  5 hounds
  A jelly (D:10)
  6 orc wizards
  6 orc priests
  A centaur skeleton (D:7)
  4 iguanas
  7 worker ants
  Terence (D:2)
  2 hound zombies
  A hound skeleton (D:7)
  2 worker ant zombies (D:8)
  2 howler monkey skeletons (D:7)
  11 adders
  12 gnolls
  A shadow imp (D:6)
  3 oozes
  An adder skeleton (D:9)
  An adder zombie (D:2)
  4 worms
  2 dart slugs
  6 leopard geckos
  33 orcs
  A ball python (D:2)
  5 giant cockroaches
  11 goblins
  16 hobgoblins
  14 jackals
  2 quokkas
  5 bats
  4 frilled lizards
  21 kobolds
  7 rats
266 creatures vanquished.

Notes
Turn   | Place    | Note
-------+----------+-------------------------------------------
     0 | D:1      | KamiKatze the Vine Stalker Fighter began the quest for the Orb.
     0 | D:1      | Reached XP level 1. HP: 11/11 MP: 2/2
   128 | D:1      | Reached XP level 2. HP: 11/16 MP: 1/3
   378 | D:1      | Reached XP level 3. HP: 19/19 MP: 2/4
   994 | D:2      | Noticed Terence
  1010 | D:2      | Killed Terence
  1010 | D:2      | Gained mutation: Your natural rate of healing is unusually fast. [Vine Stalker growth]
  1010 | D:2      | Reached XP level 4. HP: 20/24 MP: 5/5
  1525 | D:2      | Reached XP level 5. HP: 25/28 MP: 4/6
  2724 | D:4      | Noticed Duvessa
  2724 | D:4      | Noticed Dowan
  2746 | D:3      | Killed Duvessa
  2746 | D:3      | Reached XP level 6. HP: 9/32 MP: 4/7
  2748 | D:3      | Killed Dowan
  3071 | D:4      | Reached XP level 7. HP: 31/37 MP: 6/8
  3363 | D:5      | Entered Level 5 of the Dungeon
  3610 | D:5      | Found a shadowy altar of Dithmenos.
  3610 | D:5      | Found a white marble altar of Elyvilon.
  3645 | D:5      | Noticed Edmund
  3668 | D:5      | Killed Edmund
  3675 | D:5      | Found Ogeomodgh's Antique Weapon Boutique.
  3696 | D:5      | Gained mutation: You have razor-sharp teeth. [Vine Stalker growth]
  3696 | D:5      | Reached XP level 8. HP: 41/42 MP: 9/9
  3815 | D:5      | Reached skill level 5 in Armour
  3845 | D:5      | Reached skill level 5 in Short Blades
  4231 | D:6      | Found a staircase to the Ecumenical Temple.
  4273 | Temple   | Entered the Ecumenical Temple
  4461 | Temple   | Became a worshipper of Uskayaw the Reveler
  4490 | D:6      | Reached * piety under Uskayaw
  4554 | Temple   | Reached ** piety under Uskayaw
  4565 | Temple   | Reached *** piety under Uskayaw
  4640 | D:6      | Found Ozuklot's Book Emporium.
  5327 | D:7      | Reached XP level 9. HP: 46/46 MP: 10/10
  5341 | D:7      | Reached skill level 5 in Fighting
  5384 | D:7      | Reached skill level 5 in Shields
  5798 | D:7      | Reached skill level 1 in Invocations
  5862 | D:7      | Reached **** piety under Uskayaw
  5864 | D:7      | Reached skill level 1 in Dodging
  5870 | D:7      | Reached ***** piety under Uskayaw
  6295 | D:8      | Noticed Grum
  6308 | D:8      | Killed Grum
  6314 | D:8      | Reached XP level 10. HP: 31/53 MP: 12/12
  6517 | D:8      | Noticed Necrophagist's ghost (novice GnSk)
  6612 | D:8      | Killed Necrophagist's ghost
  6750 | D:8      | Found a burning altar of Makhleb.
  7160 | D:9      | Noticed a two-headed ogre
  7212 | D:9      | Killed a two-headed ogre
  7212 | D:9      | Reached XP level 11. HP: 6/58 MP: 14/14
  7462 | D:9      | Noticed a skeletal warrior
  7495 | D:9      | Killed a skeletal warrior
  7559 | D:9      | Noticed a two-headed ogre
  7583 | D:9      | Killed a two-headed ogre
  7902 | D:10     | Entered Level 10 of the Dungeon
  7910 | D:10     | Noticed a two-headed ogre
  7949 | D:10     | Noticed Snorg
  8104 | D:10     | Slain by an ogre

Skill      XL: |  1  2  3  4  5  6  7  8  9 10 11 |
---------------+----------------------------------+-----
Short Blades   | 2 3 4 6 7 8 |  8.8
Fighting       | 3 4 5 6 |  6.6
Shields        | 3 4 5 6 |  6.5
Armour         | 3 4 5 7 8 |  8.4
Invocations    | 2 3 4 |  4.2
Dodging        | 1 3 |  3.3

Action                   |  1- 3 |  4- 6 |  7- 9 | 10-12 || total
-------------------------+-------+-------+-------+-------++-------
Melee: Rapier            |    91 |   208 |   196 |       ||   495
       Bite              |    20 |    63 |   151 |   125 ||   359
       Short sword       |       |       |   199 |   314 ||   513
Throw: Throwing net      |       |       |       |     2 ||     2
  Use: Potion            |       |     1 |       |     1 ||     2
       Scroll            |       |       |    16 |     1 ||    17
 Stab: Paralysed         |       |       |     8 |    15 ||    23
  Eat: Chunk             |       |     7 |    11 |     5 ||    23
Armor: Scale mail        |    32 |    80 |   100 |    36 ||   248
Dodge: Dodged            |    25 |    38 |    92 |    32 ||   187
Block: Shield            |    44 |   120 |   224 |   134 ||   522
       Reflection        |       |     1 |     4 |     3 ||     8
